 Dungeon Crawl Stone Soup version 0.22-a0-346-ga714374 (webtiles) character file.

31972 xccam the Blocker (level 13, -2/103 HPs)
             Began as a Demonspawn Gladiator on Apr 6, 2018.
             Was the Champion of Ru.
             Slain by Rupert
             ... wielding a +4 battleaxe of draining
              (38 damage)
             ... on level 3 of the Lair of Beasts.
             The game lasted 00:42:13 (19348 turns).

xccam the Blocker (Demonspawn Gladiator)           Turns: 19348, Time: 00:42:14

Health: -2/103     AC: 15    Str: 18    XL:     13   Next: 28%
Magic:  9/13       EV: 10    Int:  8    God:    Ru [******]
Gold:   897        SH:  9    Dex: 16    Spells: 12/12 levels left

rFire    + . .     SeeInvis +   K - +1 scimitar (flame)
rCold    . . .     Gourm    .   k - +2 buckler
rNeg     . . .     Faith    .   w - +0 scale mail "Xufekooq" {*Contam +Blink rCorr Int-5}
rPois    +         Spirit   .   E - +2 hat {SInv}
rElec    +         Reflect  .   A - +2 cloak {rPois}
rCorr    +         Harm     .   (no gloves)
MR       .....                  (no boots)
Stlth    +++.......             (no amulet)
HPRegen  0.27/turn              o - +3 ring of intelligence
MPRegen  0.13/turn              (no ring)

@: exhausted, no scrolls, heavily drained
A: hooves 2, thin metallic scales 3, fire resistance 1, nightstalker 3, flame
cloud immunity, inability to read while threatened, inability to use devices, no
poison magic, no summoning magic, no transmutations magic, unskilled 1
a: Draw Out Power, Power Leap, Apocalypse, Renounce Religion


You were on level 3 of the Lair of Beasts.
You worshipped Ru.
Ru was exalted by your worship.
You were near starving.

You visited 3 branches of the dungeon, and saw 16 of its levels.
You also visited: Ice Cave.

You collected 1140 gold pieces.
You spent 243 gold pieces at shops.

Inventory:

Hand Weapons
 r - a +0 great sword of freezing
 K - a +1 scimitar of flaming (weapon)
Missiles
 d - 8 throwing nets
 g - 10 javelins (quivered)
Armour
 k - a +2 buckler (worn)
 w - the +0 scale mail "Xufekooq" (worn) {*Contam +Blink rCorr Int-5}
   (You bought it in a shop on level 5 of the Dungeon)

   It affects your intelligence (-5).
   It lets you blink.
   It causes magical contamination when unequipped.
   It protects you from acid and corrosion.
 A - a +2 cloak of poison resistance (worn)
 E - a +2 hat of see invisible (worn)
 G - a +0 plate armour
 I - a +0 shield
Jewellery
 o - a +3 ring of intelligence (left hand)
 y - an uncursed ring of fire
Scrolls
 b - 2 scrolls of blinking {unknown}
 c - 3 scrolls of identify
 e - 2 scrolls of amnesia {unknown}
 h - 3 scrolls of fog
 j - 2 scrolls of enchant armour {unknown}
 l - 2 scrolls of random uselessness {unknown}
 m - 2 scrolls of immolation {unknown}
 n - 3 scrolls of teleportation {unknown}
 p - 2 scrolls of torment {unknown}
 q - 8 scrolls of remove curse
 s - 2 scrolls of fear {unknown}
 u - 4 scrolls of enchant weapon
 v - a scroll of magic mapping {unknown}
 D - a scroll of silence {unknown}
 M - a scroll of noise {unknown}
 N - a scroll of summoning {unknown}
Potions
 a - a potion of resistance
 i - a potion of brilliance
 t - 2 potions of mutation
 x - a potion of heal wounds
 z - 2 potions of flight
 B - 2 potions of magic
 C - 3 potions of curing
 F - 2 potions of invisibility
 H - 4 potions of might
 J - 2 potions of lignification
 L - a potion of agility
Comestibles
 f - 22 rations


   Skills:
 + Level 10.0(8.0) Fighting
 + Level 11.0(8.9) Long Blades
 - Level 1.5(0.0) Throwing
 + Level 1.9(0.3) Armour
 + Level 3.2(1.5) Dodging
 + Level 1.9(0.3) Stealth
 + Level 12.7(10.5) Shields


You had 12 spell levels left.
You didn't know any spells.

Dungeon Overview and Level Annotations

Branches:
Dungeon (12/15)            Temple (1/1) D:4            Lair (3/6) D:10
  Swamp (0/4) Lair:2          Orc (0/2) D:10
  Snake: Lair:2-4    Spider: Lair:2-4

Altars:
Ashenzari
Cheibriados
Dithmenos
Elyvilon
Fedhas
Gozag
Hepliaklqana
Kikubaaqudgha
Makhleb
Nemelex Xobeh
Okawaru
Qazlal
Ru
Sif Muna
Trog
Uskayaw
Vehumet
Wu Jian
Xom
Yredelemnul
Zin
The Shining One
Jiyva

Shops:
D:5 [   D:11 [   D:12 [

Annotations:
Lair:3 Rupert


Innate Abilities, Weirdness & Mutations

You have hoof-like feet.
You are completely covered in thin metallic scales. (AC +4, rElec)
Your flesh is heat resistant. (rF+)
You are completely attuned to the shadows.
You are immune to clouds of flame.
You cannot read scrolls while threatened.
You cannot study or use magical devices.
You cannot study or cast Poison magic.
You cannot study or cast Summoning magic.
You cannot study or cast Transmutations magic.
You are somewhat unskilled. (-1 Apt)


Message History

You focus your will and blind Rupert in retribution!
You catch the helpless Rupert completely off-guard!
You hit Rupert but do no damage. Your kick misses Rupert.
Rupert is moderately wounded.
Rupert stops glowing.
Rupert is stunned by your will and fails to attack.
The crocodile is stunned by your will and fails to attack.
Rupert hits you with a battleaxe of draining!
You feel threatened and lose the ability to read scrolls!
You feel drained. The crocodile closely misses you.
Rupert hits you with a battleaxe of draining!!
* * * LOW HITPOINT WARNING * * *
You feel drained.
* * * LOW HITPOINT WARNING * * *
You block the crocodile's attack.
Okay, then.
You feel much better.
Rupert hits you with a battleaxe of draining!!!
You die...

..........#.# ##...#.##...#
....#....##.# ##...##..###
P....#...#######.........#
.........## #.#P........####
..........# ##.......P#..#.#
..........####..>....P.##..#
......#....##..}......####.#
.....###.............## ###
.....####P......@....#
....^##.........t@..##
.....P##.<..........##..
........................
........................
......................##
.......................#
.....######.. .......##
.[####


You could see Rupert (berserk) and a crocodile.

Vanquished Creatures
  Gastronok (D:8)
  A frost giant (IceCv)
  3 hydras
  Harold (Lair:1)
  Erica (D:10)
  A two-headed ogre (D:9)
  An unseen horror (D:11)
  An oklob plant (D:10)
  5 ugly things
  3 cyclopes
  2 ice statues (IceCv)
  A black mamba (Lair:2)
  A spiny frog (Lair:2)
  15 polar bears (IceCv)
  13 slime creatures
  Prince Ribbit (D:7)
  3 hippogriffs
  A shadow (D:11)
  15 yaks
  2 wyverns (D:11)
  A hungry ghost (D:12)
  Grum (D:9)
  3 insubstantial wisps (Lair:2)
  A soldier ant (D:11)
  3 water moccasins
  5 porcupines
  3 ice beasts
  3 phantoms
  2 black bears
  10 orc warriors
  7 sky beasts
  8 ogres
  17 wolves
  10 centaurs
  3 crocodiles
  The ghost of grindst0ne the Sneak, an amateur OpAs of Cheibriados (D:4)
  3 big kobolds
  9 bullfrogs
  A gnoll sergeant (D:5)
  3 scorpions
  A water moccasin skeleton (D:7)
  15 killer bees
  8 wights
  An electric eel (D:10)
  2 howler monkeys
  2 bullfrog zombies (D:12)
  7 crimson imps
  A quasit (D:10)
  6 hounds
  A centaur zombie (D:8)
  2 bullfrog skeletons
  10 jellies
  8 orc priests
  Crazy Yiuf (D:7)
  A centaur skeleton (D:6)
  19 orc wizards
  7 iguanas
  11 worker ants
  2 hound zombies
  10 adders
  5 gnolls (D:5)
  A howler monkey skeleton (D:5)
  7 oozes
  An adder zombie (D:7)
  2 worms
  6 leopard geckos
  68 orcs
  3 giant cockroaches
  11 goblins
  7 hobgoblins
  10 jackals
  5 quokkas
  2 ball pythons
  8 bats
  2 frilled lizards
  A jackal skeleton (D:5)
  18 kobolds
  A leopard gecko skeleton (D:6)
  6 rats
  2 plants (D:10)
447 creatures vanquished.

Vanquished Creatures (others)
  A slime creature (D:11)
  A porcupine (Lair:1)
  A water moccasin (Lair:1)
  An orc (D:10)
  A kobold (D:11)
5 creatures vanquished.

Grand Total: 452 creatures vanquished

Notes
Turn   | Place    | Note
-------+----------+-------------------------------------------
     0 | D:1      | xccam the Demonspawn Gladiator began the quest for the Orb.
     0 | D:1      | Reached XP level 1. HP: 16/16 MP: 1/1
   230 | D:1      | Gained mutation: You are partially covered in thin metallic scales. (AC +2) [demonic ancestry]
   230 | D:1      | Reached XP level 2. HP: 22/22 MP: 2/2
  1007 | D:2      | Gained mutation: You are mostly covered in thin metallic scales. (AC +3) [demonic ancestry]
  1007 | D:2      | Reached XP level 3. HP: 23/27 MP: 3/3
  1892 | D:3      | Gained mutation: You have large cloven feet. [demonic ancestry]
  1892 | D:3      | Reached XP level 4. HP: 33/33 MP: 4/4
  2523 | D:4      | Found a staircase to the Ecumenical Temple.
  2529 | Temple   | Entered the Ecumenical Temple
  2772 | D:4      | Noticed grindst0ne's ghost (amateur OpAs)
  2777 | D:4      | Reached skill level 5 in Long Blades
  2777 | D:4      | Gained mutation: Your flesh is heat resistant. (rF+) [demonic ancestry]
  2777 | D:4      | Reached XP level 5. HP: 17/38 MP: 5/5
  2935 | D:4      | Noticed a centaur
  2943 | D:4      | Killed a centaur
  2943 | D:4      | Gained mutation: You are completely covered in thin metallic scales. (AC +4, rElec) [demonic ancestry]
  2943 | D:4      | Reached XP level 6. HP: 27/44 MP: 6/6
  3370 | D:4      | Killed grindst0ne's ghost
  3653 | D:5      | Entered Level 5 of the Dungeon
  3694 | D:5      | Gained mutation: You are immune to clouds of flame. [demonic ancestry]
  3694 | D:5      | Reached XP level 7. HP: 38/51 MP: 7/7
  4502 | D:5      | Found a basalt altar of Yredelemnul.
  4630 | D:5      | Found Qefrioch's Antique Armour Shoppe.
  4635 | D:5      | Bought a polished scale mail for 243 gold pieces
  4645 | D:5      | Identified the cursed +0 scale mail "Xufekooq" {*Contam +Blink rCorr Int-5} (You bought it in a shop on level 5 of the Dungeon)
  4683 | D:5      | Reached XP level 8. HP: 46/61 MP: 8/8
  4758 | D:5      | Found an ancient bone altar of Kikubaaqudgha.
  4876 | D:5      | Reached skill level 5 in Fighting
  5826 | D:6      | Gained mutation: You have hoof-like feet. [demonic ancestry]
  5826 | D:6      | Reached XP level 9. HP: 64/71 MP: 9/9
  6224 | D:7      | Noticed Prince Ribbit
  6245 | D:7      | Killed Prince Ribbit
  6486 | D:7      | Found a glowing golden altar of the Shining One.
  6636 | D:7      | Found a sacrificial altar of Ru.
  6651 | D:7      | Became a worshipper of Ru the Awakened
  6694 | D:7      | Found a deep blue altar of Sif Muna.
  6817 | D:7      | Reached skill level 10 in Long Blades
  6914 | D:7      | HP: 3/74 [orc (4)]
  7167 | D:7      | Found a runed door.
  7171 | D:7      | Noticed Crazy Yiuf
  7179 | D:7      | Killed Crazy Yiuf
  8069 | D:8      | Gained mutation: You are slightly more attuned to the shadows. [demonic ancestry]
  8069 | D:8      | Reached XP level 10. HP: 37/83 MP: 10/10
  8315 | D:8      | Gained mutation: You cannot study or cast Poison magic. [Ru sacrifice]
  8315 | D:8      | Gained mutation: You cannot study or cast Transmutations magic. [Ru sacrifice]
  8315 | D:8      | Gained mutation: You cannot study or cast Summoning magic. [Ru sacrifice]
  8315 | D:8      | Reached * piety under Ru
  8380 | D:8      | Noticed Gastronok
  8406 | D:8      | HP: 3/83 [Gastronok (28)]
  8414 | D:8      | Killed Gastronok
  8414 | D:8      | Reached skill level 10 in Fighting
  8725 | D:8      | Found a sparkling altar of Nemelex Xobeh.
  8726 | D:8      | Found a hide-covered altar of Uskayaw.
  8886 | D:8      | Found a stormy altar of Qazlal.
  9005 | D:9      | Noticed a two-headed ogre
  9015 | D:9      | Killed a two-headed ogre
  9297 | D:9      | Reached skill level 1 in Shields
  9335 | D:9      | Reached skill level 2 in Shields
  9379 | D:9      | Noticed Grum
  9403 | D:9      | Killed Grum
  9403 | D:9      | Reached skill level 3 in Shields
  9772 | D:9      | Reached skill level 4 in Shields
  9924 | D:10     | Entered Level 10 of the Dungeon
  9933 | D:9      | Gained mutation: You are significantly more attuned to the shadows. [demonic ancestry]
  9933 | D:9      | Reached XP level 11. HP: 74/92 MP: 11/11
 10350 | D:10     | Reached skill level 5 in Shields
 10472 | D:10     | Noticed Erica
 10498 | D:10     | Killed Erica
 10700 | D:10     | Reached skill level 6 in Shields
 10820 | D:10     | Gained mutation: You cannot study or use magical devices. [Ru sacrifice]
 10820 | D:10     | Reached ** piety under Ru
 10820 | D:10     | Reached *** piety under Ru
 10906 | D:10     | Found a staircase to the Orcish Mines.
 11117 | D:10     | Reached skill level 7 in Shields
 11263 | D:10     | Found a staircase to the Lair.
 11285 | D:10     | Noticed an oklob plant
 11305 | D:10     | Killed an oklob plant
 11315 | D:10     | Paralysed by an orc for 3 turns
 12013 | D:11     | Reached skill level 8 in Shields
 12026 | D:11     | Noticed an unseen horror
 12035 | D:11     | Killed an unseen horror
 12077 | D:11     | Found a frozen archway.
 12098 | IceCv    | Entered an ice cave
 12299 | IceCv    | Reached skill level 9 in Shields
 13042 | IceCv    | Reached skill level 10 in Shields
 13453 | IceCv    | Reached XP level 12. HP: 82/98 MP: 12/12
 14012 | IceCv    | Reached skill level 11 in Shields
 14110 | IceCv    | Noticed a frost giant
 14130 | IceCv    | Killed a frost giant
 14643 | D:11     | Found Tejy's Antique Armour Emporium.
 14746 | D:11     | Reached skill level 12 in Shields
 15286 | D:11     | Found a viscous altar of Jiyva.
 15578 | D:12     | Gained mutation: You are somewhat unskilled. (-1 Apt) [Ru sacrifice]
 15578 | D:12     | Reduced skill Long Blades to level 10
 15578 | D:12     | Reduced skill Shields to level 11
 15578 | D:12     | Reached **** piety under Ru
 15578 | D:12     | Reached ***** piety under Ru
 15614 | D:12     | Reached skill level 12 in Shields
 16460 | D:12     | Noticed a seven-headed hydra
 16467 | D:12     | Killed a three-headed hydra
 16522 | D:12     | Found a stormy altar of Qazlal.
 16551 | D:12     | Gained mutation: You are completely attuned to the shadows. [demonic ancestry]
 16551 | D:12     | Reached XP level 13. HP: 49/102 MP: 13/13
 16802 | D:12     | Found Iwux Neeg's Armour Shop.
 16836 | D:12     | Reached skill level 1 in Armour
 16928 | D:12     | Reached skill level 1 in Stealth
 17067 | Lair:1   | Entered Level 1 of the Lair of Beasts
 17642 | Lair:1   | Noticed Harold
 17660 | Lair:1   | Killed Harold
 18406 | Lair:2   | Gained mutation: You cannot read scrolls while threatened. [Ru sacrifice]
 18406 | Lair:2   | Reached ****** piety under Ru
 18639 | Lair:2   | Got a twisted ring mail
 18640 | Lair:2   | Identified the cursed +1 ring mail of Oraisis {rPois Str+3 Dex+2} (You found it on level 2 of the Lair of Beasts)
 18943 | Lair:2   | Found a staircase to the Swamp.
 18951 | Lair:2   | Reached skill level 10 in Fighting
 19338 | Lair:3   | Noticed Rupert
 19348 | Lair:3   | Slain by Rupert

Vault maps used:
D:1:      minmay_arrival_split_and_join
D:2:      cheibrodos_greedy_goblins
D:3:      first_ration
D:4:      wad_lake_hut, minmay_temple_entry_mist
D:5:      old_standard_altar, lemuel_crystal_altar, serial_shops,
          kennysheep_little_box
D:6:      minmay_diamond_boxcup
D:7:      led_sif_pool, old_standard_altar, nicolae_tso_carved_into_rock,
          uniq_prince_ribbit1, uniq_crazy_yiuf_cottage
D:8:      kennysheep_mini, gammafunk_temple_overflow_statue, uniq_gastronok
D:9:      kennysheep_another_room, uniq_grum
D:10:     dpeg_oklobed_lair, erik_orc_2, uniq_erica
D:11:     portal_ice_cave_entry_pillars_2, serial_shops, nicolae_shop_trees,
          hangedman_little_slice_of_home
D:12:     serial_shops, shop, basic_altar
Temple:   eino_narrow_crystal_temple
Lair:1:   worms_lemuel, serial_bayou_shore_b, uniq_harold
Lair:2:   minmay_swamp_entry_wisps, infiniplex_staircase_pool_2
Lair:3:   minmay_snake_entry_guardpost_medium, grunt_megastairs_5, uniq_rupert
IceCv:    ice_cave_small_giant

Skill      XL: |  1  2  3  4  5  6  7  8  9 10 11 12 13 |
---------------+----------------------------------------+-----
Long Blades    | 3 4 5 6 7 8 9 10 11 10 11 | 11.0
Fighting       | 4 6 9 10 9 10 | 10.0
Shields        | 4 10 12 | 12.7
Armour         | 1 |  1.9
Stealth        | 1 |  1.9
Dodging        | 3 |  3.2
Throwing       | |  1.5

Action                   |  1- 3 |  4- 6 |  7- 9 | 10-12 | 13-15 || total
-------------------------+-------+-------+-------+-------+-------++-------
Melee: Long sword        |   124 |   140 |   420 |   250 |       ||   934
       Kick              |       |    48 |   155 |   392 |    44 ||   639
       Scimitar          |       |       |       |   686 |   123 ||   809
       Trident           |       |       |       |    15 |       ||    15
Throw: Javelin           |       |     4 |    23 |    30 |       ||    57
       Throwing net      |       |     3 |       |       |       ||     3
Invok: Sacrifice Arcana  |       |       |       |     1 |       ||     1
       Sacrifice Artific |       |       |       |     1 |       ||     1
       Sacrifice Skill   |       |       |       |     1 |       ||     1
       Power Leap        |       |       |       |       |     2 ||     2
       Sacrifice Words   |       |       |       |       |     1 ||     1
Evoke: Wand              |       |       |     4 |     5 |       ||     9
  Use: Potion            |       |     4 |     2 |     6 |     1 ||    13
       Scroll            |       |       |       |    10 |     2 ||    12
 Stab: Sleeping          |     1 |       |       |     2 |    12 ||    15
       Paralysed         |       |       |     5 |       |       ||     5
       Distracted        |       |       |       |     3 |     2 ||     5
       Invisible         |       |       |       |     2 |     3 ||     5
       Held in net/web   |       |       |       |     1 |       ||     1
  Eat: Chunk             |     3 |     6 |     9 |    21 |     4 ||    43
       Ration            |       |       |     2 |     2 |     1 ||     5
Armor: Leather armour    |    49 |       |       |       |       ||    49
       Ring mail         |     8 |    51 |    40 |       |       ||    99
       Scale mail        |       |       |   148 |   339 |    30 ||   517
Dodge: Dodged            |    69 |    85 |   182 |   372 |    21 ||   729
Block: Buckler           |       |       |       |   209 |    31 ||   240
       Shield            |       |       |       |    61 |       ||    61
       Rpst.: Long sword |    27 |    30 |    50 |    38 |       ||   145
       Scimitar          |       |       |       |    63 |     6 ||    69

Table legend:
 A = Spawn XP
 B = Non-spawn XP
 C = Spawn XP percentage of total XP
 D = Spawn monster count
 E = Non-spawn monster count
 F = Spawn count percentage of total count
 G = Total turns spent on level
                    A         B        C        D         E        F      G
               +---------+---------+-------+---------+---------+-------+---------
         Total |       0 |   45675 |   0.0 |       0 |     449 |   0.0 | 19348
               +---------+---------+-------+---------+---------+-------+---------
           D:1 |       0 |      19 |   0.0 |       0 |      12 |   0.0 |   690
           D:2 |       0 |      69 |   0.0 |       0 |      28 |   0.0 |  1038
           D:3 |       0 |      50 |   0.0 |       0 |      24 |   0.0 |   833
           D:4 |       0 |     556 |   0.0 |       0 |      19 |   0.0 |  1105
           D:5 |       0 |     984 |   0.0 |       0 |      34 |   0.0 |  1403
           D:6 |       0 |    1338 |   0.0 |       0 |      23 |   0.0 |   981
           D:7 |       0 |    1191 |   0.0 |       0 |      24 |   0.0 |  1505
           D:8 |       0 |    3956 |   0.0 |       0 |      31 |   0.0 |  1280
           D:9 |       0 |    3796 |   0.0 |       0 |      37 |   0.0 |  1335
          D:10 |       0 |    4613 |   0.0 |       0 |      74 |   0.0 |  1943
          D:11 |       0 |    6334 |   0.0 |       0 |      50 |   0.0 |   796
          D:12 |       0 |    8265 |   0.0 |       0 |      35 |   0.0 |  1497
        Lair:1 |       0 |    2204 |   0.0 |       0 |      10 |   0.0 |   822
        Lair:2 |       0 |    2689 |   0.0 |       0 |      11 |   0.0 |  1355
        Lair:3 |       0 |     136 |   0.0 |       0 |       1 |   0.0 |   104
         IceCv |       0 |    9475 |   0.0 |       0 |      36 |   0.0 |  2491
               +---------+---------+-------+---------+---------+-------+---------
